 Dungeon Crawl Stone Soup version 0.19.0-2-gae57169 (webtiles) character file.

6868 JeffiDaFish the Basher (level 11, -4/71 HPs)
             Began as a Gargoyle Fighter on Nov 7, 2016.
             Was a Believer of Makhleb.
             Slain by a warg (7 damage)
             ... on level 10 of the Dungeon.
             The game lasted 00:30:10 (9039 turns).

JeffiDaFish the Basher (Gargoyle Fighter)           Turns: 9039, Time: 00:30:12

Health: -4/71      AC: 27    Str: 25    XL:     11   Next: 6%
Magic:  11/11      EV:  7    Int:  9    God:    Makhleb [**....]
Gold:   515        SH:  0    Dex: 10    Spells: 0 memorised, 10 levels left

rFire  . . .     SeeInvis .     p - +1 great mace
rCold  . . .     Gourm    .     E - +1 plate armour
rNeg   + . .     Faith    .     (shield currently unavailable)
rPois  ∞         Spirit   .     e - +2 helmet
rElec  +         Reflect  .     (no cloak)
rCorr  .         Harm     .     v - +2 pair of gloves {Str+3}
MR     .....                    (no boots)
Stlth  ..........               h - amulet of rage
                                (no ring)
                                (no ring)

@: no status effects
A: negative energy resistance 1, electricity resistance, unbreathing,
petrification resistance, rot immunity, AC +7
a: Minor Destruction, Renounce Religion, Evoke Berserk Rage


You were on level 10 of the Dungeon.
You worshipped Makhleb.
Makhleb was pleased with you.
You were not hungry.

You visited 2 branches of the dungeon, and saw 11 of its levels.
You also visited: Ossuary.

You collected 597 gold pieces.
You spent 82 gold pieces at shops.

Inventory:

Hand Weapons
 b - a +1 whip of electrocution
 p - a +1 great mace (weapon)
 t - a +0 whip of freezing
Armour
 e - a +2 helmet (worn)
 v - a +2 pair of gloves of strength (worn)
 E - a +1 plate armour (worn)
Jewellery
 h - an amulet of rage (around neck)
Wands
 d - a wand of iceblast (5/15)
 k - a wand of iceblast (1/15)
 q - a wand of random effects (33/48)
 s - a wand of paralysis (13/24)
 y - a wand of lightning (10/15)
Scrolls
 a - 2 scrolls of blinking
 c - 2 scrolls of magic mapping
 g - a scroll of fog
 i - 6 scrolls of identify
 l - 3 scrolls of teleportation
 w - 2 scrolls of remove curse
 z - a scroll of recharging
Potions
 n - a potion of heal wounds
 o - 5 potions of curing
 x - a potion of might
 B - a potion of brilliance
Books
 m - a book of Minor Magic

   Spells                             Type                      Level
   a - Magic Dart                     Conjuration                  1
   b - Blink                          Translocation                2
   c - Call Imp                       Summoning                    2
   d - Repel Missiles                 Charms/Air                   2
   e - Slow                           Hexes                        2
   f - Conjure Flame                  Conjuration/Fire             3
   g - Mephitic Cloud                 Conjuration/Poison/Air       3
 C - a book of Power

   Spells                             Type                      Level
   a - Fulminant Prism                Conjuration/Hexes            4
   b - Iskenderun's Mystic Blast      Conjuration                  4
   c - Venom Bolt                     Conjuration/Poison           5
   d - Bolt of Magma                  Conjuration/Fire/Earth       5
   e - Iron Shot                      Conjuration/Earth            6
   f - Orb of Destruction             Conjuration                  7
   g - Spellforged Servitor           Conjuration/Summoning        7
Comestibles
 f - 5 bread rations
 j - 3 slices of pizza
 r - a royal jelly
 u - 7 chunks of flesh
 A - 2 beef jerkies
 D - a meat ration


   Skills:
 * Level 9.2 Fighting
 * Level 12.9 Maces & Flails
 + Level 6.4 Armour
 + Level 1.7 Dodging
 + Level 1.3 Stealth
   Level 4.1 Shields
 + Level 0.6 Evocations


You had 10 spell levels left.
You didn't know any spells.

Dungeon Overview and Level Annotations

Branches:
Dungeon (10/15)            Temple (1/1) D:4             Orc (0/2) D:9
   Lair: D:8-11

Altars:
Cheibriados
Elyvilon
Fedhas
Hepliaklqana
Makhleb
Okawaru
Sif Muna
Trog
Vehumet
Xom
Yredelemnul
Zin
The Shining One

Shops:
D:4 [   D:8 ?:[   D:9 [(%

Annotations:
D:8 exclusion: statue


Innate Abilities, Weirdness & Mutations

You are resistant to torment.
Your stone body is resilient. (AC +7)
You are immune to poison.
You resist negative energy. (rN+)
You are resistant to electric shocks. (rElec)
You can survive without breathing.
You are immune to petrification.
You are immune to rotting.


Message History

The warg bites you but does no damage. The warg bites you!
* * * LOW HITPOINT WARNING * * *
The warg bites you but does no damage. x2
You are too injured to fight recklessly!
You are too injured to fight recklessly!
You are too injured to fight recklessly!
You are too injured to fight recklessly!
Your plate armour prevents you from hitting the warg.
The warg is almost dead.
The warg bites you but does no damage. The warg closely misses you.
The warg bites you but does no damage. The warg bites you!
* * * LOW HITPOINT WARNING * * *
The warg bites you but does no damage.
You closely miss the warg.
The warg is almost dead.
The warg barely misses you. The warg bites you but does no damage.
The warg bites you!
* * * LOW HITPOINT WARNING * * *
The warg bites you!
You die...

##################
#......P..........
#.........hh...P..
#....≈≈≈≈≈@h≈≈≈≈≈≈
#....≈≈≈≈≈≈≈≈≈≈≈≈≈
#....≈≈#####≈≈≈≈≈≈
#....≈≈#ooo#......
#....≈≈#...# #####
#....≈≈###'#
#....≈≈≈.#.#
#....≈≈≈.#
#....≈≈≈.#


You could see 3 wargs and 2 orcs.

Vanquished Creatures
  An unseen horror (D:8)
  Pikel (D:6)
  Psyche (D:9)
  The ghost of jake111299 the Geomancer, a novice DDEE (D:4)
  A hornet (D:10)
  A hippogriff (D:7)
  7 wargs (D:10)
  Duvessa (D:5)
  A sky beast (D:7)
  2 orc warriors (D:9)
  3 phantoms
  2 ogres (D:7)
  3 centaurs
  Blork the orc (D:5)
  A big kobold (D:10)
  4 bullfrogs
  A gnoll sergeant (D:5)
  Dowan (D:5)
  A scorpion (D:6)
  13 killer bees
  8 wights
  A jelly (D:7)
  A howler monkey (D:4)
  6 crimson imps
  4 centaur zombies
  A quasit (D:9)
  2 hounds
  5 orc wizards
  4 orc priests
  A centaur skeleton (D:8)
  6 iguanas
  Ijyb (D:2)
  5 worker ants
  Terence (D:2)
  9 big kobold zombies (Ossuary)
  A hound zombie (D:7)
  A hound skeleton (D:4)
  7 mummies
  A worker ant zombie (D:6)
  3 gnolls (D:5)
  8 adders
  3 shadow imps
  An adder zombie (D:5)
  A worm (D:5)
  4 dart slugs
  9 leopard geckos
  20 orcs
  3 bats
  4 giant cockroaches
  A goblin (D:1)
  3 hobgoblins
  18 jackals
  14 kobolds
  5 quokkas
  A ball python (D:7)
  5 frilled lizards
  A hobgoblin zombie (Ossuary)
  A quokka skeleton (D:5)
  7 rats
224 creatures vanquished.

Vanquished Creatures (others)
  A slave (D:6)
  2 orcs (D:6)
  A quokka zombie (D:6)
4 creatures vanquished.

Grand Total: 228 creatures vanquished

Notes
Turn   | Place    | Note
-------+----------+-------------------------------------------
     0 | D:1      | JeffiDaFish the Gargoyle Fighter began the quest for the Orb.
     0 | D:1      | Reached XP level 1. HP: 14/14 MP: 1/1
   332 | D:1      | Reached XP level 2. HP: 19/19 MP: 2/2
   771 | D:1      | Reached XP level 3. HP: 23/23 MP: 3/3
  1098 | D:2      | Found a glowing silver altar of Zin.
  1098 | D:2      | Noticed an angel
  1154 | D:2      | Noticed Ijyb
  1160 | D:2      | Killed Ijyb
  1160 | D:2      | Reached XP level 4. HP: 9/29 MP: 4/4
  1427 | D:2      | Reached skill level 3 in Maces & Flails
  1610 | D:2      | Found an iron altar of Okawaru.
  1711 | D:2      | Found a bloodstained altar of Trog.
  1881 | D:2      | Noticed Terence
  1895 | D:2      | Killed Terence
  1918 | D:2      | Reached XP level 5. HP: 33/33 MP: 5/5
  2423 | D:4      | Found a staircase to the Ecumenical Temple.
  2443 | D:4      | Noticed jake111299's ghost (novice DDEE)
  2821 | D:4      | Reached skill level 1 in Dodging
  2823 | D:4      | Reached skill level 4 in Maces & Flails
  2924 | D:4      | Reached XP level 6. HP: 35/38 MP: 6/6
  3179 | D:4      | Found Voetoule's Armour Emporium.
  3200 | D:4      | Killed jake111299's ghost
  3200 | D:4      | Reached skill level 6 in Maces & Flails
  3200 | D:4      | Reached XP level 7. HP: 9/44 MP: 7/7
  3618 | D:5      | Entered Level 5 of the Dungeon
  3638 | D:5      | Gained mutation: Your spells are a little harder to cast, but a little more powerful. [potion of mutation]
  3638 | D:5      | Gained mutation: You are occasionally teleported next to monsters. [potion of mutation]
  3638 | D:5      | Gained mutation: Your natural rate of healing is unusually fast. [potion of mutation]
  3820 | D:5      | Noticed Blork the orc
  3845 | D:5      | Killed Blork the orc
  3845 | D:5      | Reached skill level 5 in Fighting
  3845 | D:5      | Reached skill level 7 in Maces & Flails
  3946 | D:5      | Reached XP level 8. HP: 49/49 MP: 8/8
  3970 | D:5      | Lost mutation: Your spells are a little harder to cast, but a little more powerful. [potion of cure mutation]
  3970 | D:5      | Lost mutation: Your natural rate of healing is unusually fast. [potion of cure mutation]
  3970 | D:5      | Lost mutation: You are occasionally teleported next to monsters. [potion of cure mutation]
  3986 | D:5      | Noticed Dowan
  3987 | D:5      | Noticed Duvessa
  3994 | D:5      | Killed Duvessa
  3995 | D:5      | Killed Dowan
  4087 | D:5      | Reached skill level 8 in Maces & Flails
  4612 | D:6      | Found a sand-covered staircase.
  4619 | Ossuary  | Entered an ossuary
  5043 | Ossuary  | Reached skill level 9 in Maces & Flails
  5094 | D:6      | Reached XP level 9. HP: 56/56 MP: 9/9
  5117 | D:6      | Noticed Pikel
  5138 | D:6      | Killed Pikel
  5391 | D:6      | Reached skill level 10 in Maces & Flails
  5964 | Temple   | Entered the Ecumenical Temple
  5988 | Temple   | Became a worshipper of Makhleb the Destroyer
  6777 | D:7      | Reached skill level 5 in Armour
  6985 | D:7      | Reached * piety under Makhleb
  7007 | D:7      | Reached skill level 11 in Maces & Flails
  7213 | D:7      | Reached XP level 10. HP: 24/64 MP: 10/10
  7629 | D:8      | Found Emurr's Magic Scroll Emporium.
  7660 | D:8      | Killed an unseen horror
  7663 | D:8      | Bought a scroll of enchant weapon for 82 gold pieces
  7674 | D:8      | Found Qyezuyt's Book Boutique.
  7725 | D:8      | Found a radiant altar of Vehumet.
  7854 | D:8      | Found Fualucs's Armour Boutique.
  8067 | D:9      | Found Ibet's Weapon Shoppe.
  8067 | D:9      | Found a staircase to the Orcish Mines.
  8067 | D:9      | Found Tialoal's Armour Shoppe.
  8087 | D:9      | Reached skill level 12 in Maces & Flails
  8170 | D:9      | Reached ** piety under Makhleb
  8310 | D:9      | Noticed Psyche
  8325 | D:9      | Killed Psyche
  8325 | D:9      | Reached skill level 1 in Stealth
  8585 | D:9      | Found Yraurobe's Food Shoppe.
  8713 | D:9      | Found a deep blue altar of Sif Muna.
  8808 | D:10     | Entered Level 10 of the Dungeon
  8937 | D:10     | Reached XP level 11. HP: 48/71 MP: 11/11
  9039 | D:10     | HP: 3/71 [warg (8)]
  9039 | D:10     | Slain by a warg

Skill      XL: |  1  2  3  4  5  6  7  8  9 10 |
---------------+-------------------------------+-----
Maces & Flails | 3 4 6 7 9 11 12 | 12.9
Shields        | 4 |  4.1
Fighting       | 4 5 6 7 9 |  9.2
Dodging        | 1 |  1.7
Armour         | 4 5 6 |  6.4
Stealth        | 1 |  1.3
Evocations     | |  0.6

Action                   |  1- 3 |  4- 6 |  7- 9 | 10-12 || total
-------------------------+-------+-------+-------+-------++-------
Melee: Flail             |    89 |   100 |       |       ||   189
       Great mace        |       |   110 |   447 |   249 ||   806
       Whip              |       |       |    12 |       ||    12
 Abil: Evoke Berserk Rag |       |     1 |     1 |       ||     2
  Use: Scroll            |     6 |     9 |     4 |     3 ||    22
       Potion            |     2 |     2 |     7 |     1 ||    12
 Stab: Invisible         |       |       |       |     3 ||     3
  Eat: Chunk             |     1 |     7 |     3 |     6 ||    17
       Bread ration      |       |       |     1 |       ||     1
       Meat ration       |       |       |     1 |       ||     1
       Royal jelly       |       |       |     1 |     1 ||     2
Armor: Scale mail        |    52 |    79 |       |       ||   131
       Chain mail        |       |    94 |   354 |   103 ||   551
       Plate armour      |       |       |       |   265 ||   265
Dodge: Dodged            |    39 |    84 |   207 |   190 ||   520
Block: Shield            |    59 |    68 |       |       ||   127
